 Dungeon Crawl Stone Soup version 0.22.1-5-g62c59d919a (webtiles) character file.

269 hello109 the Shield-Bearer (level 6, -12/53 HPs)
             Began as a Minotaur Fighter on Jan 10, 2019.
             Was a Believer of Lugonu.
             Killed from afar by an electric eel (15 damage)
             ... with a bolt of electricity
             ... on level 3 of the Dungeon on Jan 11, 2019.
             The game lasted 00:13:21 (2164 turns).

hello109 the Shield-Bearer (Minotaur Fighter)       Turns: 2164, Time: 00:13:22

Health: -12/53     AC:  7    Str: 23    XL:     6   Next: 1%
Magic:  14/14      EV:  8    Int:  5    God:    Lugonu [**....]
Gold:   142        SH: 10    Dex:  9    Spells: 5/5 levels left

rFire    . . .     SeeInvis .   a - +0 war axe
rCold    . . .     Gourm    +   c - +0 shield
rNeg     + . .     Faith    .   b - +0 scale mail
rPois    .         Spirit   .   p - +0 hat
rElec    .         Reflect  .   (no cloak)
rCorr    .         Harm     .   (no gloves)
MR       .....                  (no boots)
Stlth    ..........             n - amulet of the gourmand
HPRegen  0.17/turn              s - ring of positive energy
MPRegen  0.14/turn              r - ring of magical power

@: no status effects
A: retaliatory headbutt, horns 2
a: Depart the Abyss, Bend Space, Renounce Religion


You were on level 3 of the Dungeon.
You worshipped Lugonu.
Lugonu was pleased with you.
You were not hungry.

You visited 1 branch of the dungeon, and saw 3 of its levels.

You collected 142 gold pieces.

Inventory:

Hand Weapons
 a - a +0 war axe (weapon)
 k - a +0 whip
 w - a +0 whip of pain
 x - a +0 mace
Missiles
 e - 138 stones (quivered)
 g - 12 poisoned needles
 i - 73 bolts
 j - 22 arrows
 m - a throwing net
 o - 8 javelins
 y - 3 tomahawks
Armour
 b - a +0 scale mail (worn)
 c - a +0 shield (worn)
 l - a +0 chain mail
 p - a +0 hat (worn)
Jewellery
 n - an amulet of the gourmand (around neck)
 r - a ring of magical power (right hand)
 s - a ring of positive energy (left hand)
Wands
 z - a wand of flame (29)
Scrolls
 h - 3 scrolls of teleportation
 t - 2 scrolls of remove curse
 v - a scroll of enchant armour {unknown}
Potions
 d - a potion of might
 q - a potion of mutation
 u - a potion of flight {unknown}
Comestibles
 f - 7 rations


   Skills:
 + Level 4.5 Fighting
 + Level 5.0 Axes
 + Level 4.8 Armour
 + Level 0.9 Dodging
 + Level 5.1 Shields


You had 5 spell levels left.
You didn't know any spells.
Your spell library was empty.

Dungeon Overview and Level Annotations

Branches:
Dungeon (3/15)

Altars:
Dithmenos
Lugonu

Annotations:
D:3 1 transporter


Innate Abilities, Weirdness & Mutations

You reflexively headbutt those who attack you in melee.
You have a pair of horns on your head.


Message History

Moving in this stuff is going to be slow.
As you open the door, it creaks loudly!
The electric eel shoots out a bolt of lightning at you!
The bolt of electricity hits you! x2
There is an open door here.
There is a transporter landing site here.
The electric eel shoots out a bolt of lightning at you!
The bolt of electricity hits you! x2
* * * LOW HITPOINT WARNING * * *
There is an open door here.
The electric eel shoots out a bolt of lightning at you!
The bolt of electricity hits you!
* * * LOW HITPOINT WARNING * * *
The bolt of electricity hits the electric eel.
The electric eel completely resists.
The bolt of electricity hits the electric eel.
The electric eel completely resists.
The electric eel shoots out a bolt of lightning at you!
The bolt of electricity hits you!
You die...

#......# #### #......# ...#
#......# ##.#
################......# .#.#
#.....................# .#.#
#.###############.....# .#.#
###.#8≈#;≈≈≈≈≈≈#P8#.....# .#.#
#...#..#..≈≈≈≈≈#..#...### ##.#
##..©#©.'@.≈⌠≈≈≈+$©#©..# ##.##
#....#..#..≈P≈PP#..#...#
##..####.##.#8≈#;≈≈≈≈≈≈#P8#.#.#
#.......##.###############.#.#
#..#######.................#.#
#...# ####################.#
####)# #....# #.# #.##.##
#....# #######.# #.##..# #..<.#
##.......#


You could see 2 electric eels.

Vanquished Creatures
  Grinder (D:3)
  2 adders
  3 worms
  A dart slug (D:1)
  3 leopard geckos
  5 orcs (D:3)
  A ball python (D:2)
  2 giant cockroaches
  4 goblins
  4 hobgoblins
  2 jackals (D:3)
  5 bats
  2 frilled lizards
  6 kobolds
  7 rats
  2 plants (D:3)
50 creatures vanquished.

Notes
Turn   | Place    | Note
-------+----------+-------------------------------------------
     0 | D:1      | hello109 the Minotaur Fighter began the quest for the Orb.
     0 | D:1      | Reached XP level 1. HP: 19/19 MP: 0/0
   187 | D:1      | Reached XP level 2. HP: 27/27 MP: 1/1
  1040 | D:2      | Reached XP level 3. HP: 33/33 MP: 2/2
  1090 | D:2      | Found a faded altar of an unknown god.
  1132 | D:2      | Became a worshipper of Lugonu the Unformed
  1132 | D:2      | Reached * piety under Lugonu
  1132 | D:2      | Reached ** piety under Lugonu
  1692 | D:3      | Found a shadowy altar of Dithmenos.
  1790 | D:3      | Noticed Grinder
  1810 | D:3      | Killed Grinder
  1810 | D:3      | Reached skill level 5 in Shields
  1810 | D:3      | Reached XP level 4. HP: 30/41 MP: 3/3
  1810 | D:3      | Reached XP level 5. HP: 34/47 MP: 4/4
  1869 | D:3      | Reached skill level 5 in Axes
  2036 | D:3      | Reached XP level 6. HP: 49/53 MP: 5/5
  2079 | D:3      | Found a transporter.
  2115 | D:3      | Found a transporter.
  2164 | D:3      | Killed from afar by an electric eel

Skill      XL: |  1  2  3  4  5 |
---------------+----------------+-----
Shields        | 4 5 |  5.1
Armour         | 4 |  4.8
Axes           | 4 5 |  5.0
Fighting       | 4 |  4.5
Dodging        | |  0.9

Action                   |  1- 3 |  4- 6 || total
-------------------------+-------+-------++-------
Melee: War axe           |    88 |    37 ||   125
       Headbutt          |    10 |    11 ||    21
  Use: Scroll            |     8 |     1 ||     9
       Potion            |     1 |       ||     1
  Eat: Ration            |     1 |     1 ||     2
Armor: Scale mail        |    40 |     8 ||    48
Dodge: Dodged            |    34 |     6 ||    40
Block: Shield            |    66 |    12 ||    78
